 Dungeon Crawl Stone Soup version 0.19.5 (webtiles) character file.

157 vatarom the Gusty (level 5, -12/28 HPs)
             Began as a Tengu Air Elementalist on Mar 10, 2017.
             Killed by divine providence
             ... invoked by an orc priest
              (13 damage)
             ... on level 3 of the Dungeon.
             The game lasted 00:08:05 (4024 turns).

vatarom the Gusty (Tengu Air Elementalist)          Turns: 4024, Time: 00:08:05

Health: -12/28     AC:  4    Str:  7 (8)  XL:     5   Next: 38%
Magic:  1/9        EV: 12    Int: 15 (17) God:
Gold:   183        SH:  0    Dex: 13 (14) Spells: 4 memorised, 0 levels left

rFire  + . .     SeeInvis .     f - +0 falchion
rCold  . . .     Gourm    .     a - +1 robe
rNeg   . . .     Faith    .     (no shield)
rPois  .         Spirit   .     (helmet restricted)
rElec  .         Reflect  .     g - +0 cloak
rCorr  .         Harm     .     (no gloves)
MR     .....     Rnd*Tele +     (boots unavailable)
Stlth  ++........               (no amulet)
                                o - ring of teleportation (curse)
                                e - ring of protection from fire

@: no status effects
A: beak, talons 3, able to fly 1
a: Fly


You were on level 3 of the Dungeon.
You were not hungry.

You visited 1 branch of the dungeon, and saw 3 of its levels.

You collected 183 gold pieces.

Inventory:

Hand Weapons
 c - a +0 dagger of protection
 f - a +0 falchion (weapon)
Armour
 a - a +1 robe (worn)
 g - a +0 cloak (worn)
Jewellery
 e - a ring of protection from fire (left hand)
 o - a cursed ring of teleportation (right hand)
Wands
 i - a wand of polymorph (7/24)
Scrolls
 j - 2 scrolls of identify
 l - a scroll of random uselessness
Books
 b - a book of Air

   Spells                             Type                      Level
   a - Shock                          Conjuration/Air              1
   b - Swiftness                      Charms/Air                   2
   c - Repel Missiles                 Charms/Air                   2
   d - Static Discharge               Conjuration/Air              3
   e - Lightning Bolt                 Conjuration/Air              5
Comestibles
 d - a beef jerky
 h - 3 chunks of flesh
 k - a bread ration


   Skills:
 - Level 2.1 Dodging
 - Level 2.0 Stealth
 - Level 2.0 Spellcasting
 - Level 1.3 Conjurations
 + Level 7.8 Air Magic


You couldn't memorise any spells.
You knew the following spells:

 Your Spells              Type           Power        Failure   Level  Hunger
a - Shock                 Conj/Air       ###.         3%          1    #......
b - Repel Missiles        Chrm/Air       ##....       10%         2    ###....
c - Swiftness             Chrm/Air       ##......     10%         2    ###....
d - Static Discharge      Conj/Air       ###.....     12%         3    ###....


Dungeon Overview and Level Annotations

Branches:
Dungeon (3/15)

Altars:
Dithmenos
Gozag
Zin


Innate Abilities, Weirdness & Mutations

You have a beak for a mouth.
You have claws for feet.
You can fly.


Message History

Casting: Shock
Confirm with . or Enter, or press ? or * to list all spells.
Aiming: Shock
Press: ? - help, Shift-Dir - straight line, f/p - orc priest
Aim: an orc priest, wielding a dagger of venom and wearing a chain mail (almost dead)
The zap hits the orc priest.
The orc priest is almost dead.
The zap hits the orc wizard.
The orc wizard is heavily wounded.
The orc priest barely misses you.
You aren't carrying any potions.
Casting: Shock
Confirm with . or Enter, or press ? or * to list all spells.
You don't have enough magic to cast that spell.
Unknown command.
You hit the orc priest but do no damage.
The orc priest is almost dead.
The orc priest mumbles some strange prayers to Beogh against you.
Beogh smites you!
You die...

..#............'.......o.#.#
..#.........o..##.......##.#
#..<...........##.......##.#
###....##......##.......##.#
)............(###......)##.#
..............# #.......##.#
.##....#####..# #.......##.#
..##########..########.###.#
..............oo@......# #.#
##########################.#
.............>.............#
############################
# # # # #


You could see an orc priest and an orc wizard.

Vanquished Creatures
  An orc wizard (D:3)
  6 adders
  2 worms (D:2)
  A dart slug (D:1)
  A leopard gecko (D:2)
  6 orcs (D:3)
  A giant cockroach (D:3)
  5 goblins
  13 hobgoblins
  3 quokkas
  4 bats
  2 frilled lizards
  9 kobolds
  A quokka skeleton (D:3)
  9 rats
64 creatures vanquished.

Notes
Turn   | Place    | Note
-------+----------+-------------------------------------------
     0 | D:1      | vatarom the Tengu Air Elementalist began the quest for the Orb.
     0 | D:1      | Reached XP level 1. HP: 10/10 MP: 4/4
   602 | D:1      | Reached XP level 2. HP: 15/15 MP: 4/6
   858 | D:1      | Reached skill level 5 in Air Magic
  1021 | D:2      | Reached XP level 3. HP: 13/19 MP: 3/7
  1494 | D:2      | Reached skill level 6 in Air Magic
  1497 | D:2      | Found a glowing silver altar of Zin.
  1788 | D:2      | Reached XP level 4. HP: 16/24 MP: 2/8
  1857 | D:2      | Learned a level 2 spell: Repel Missiles
  1860 | D:2      | Learned a level 2 spell: Swiftness
  2685 | D:2      | Reached skill level 7 in Air Magic
  3116 | D:3      | Gained mutation: You can fly. [Tengu growth]
  3116 | D:3      | Reached XP level 5. HP: 14/28 MP: 9/9
  3325 | D:3      | Found an opulent altar of Gozag.
  3325 | D:3      | Found a shadowy altar of Dithmenos.
  3758 | D:3      | Learned a level 3 spell: Static Discharge
  4022 | D:3      | HP: 1/28 [orc priest/nerve-wracking pain (14)]
  4024 | D:3      | Killed from afar by an orc priest

Skill      XL: |  1  2  3  4 |
---------------+-------------+-----
Air Magic      | 5 6 7 |  7.8
Dodging        | |  2.1
Stealth        | |  2.0
Spellcasting   | |  2.0
Conjurations   | |  1.3

Action                   |  1- 3 |  4- 6 || total
-------------------------+-------+-------++-------
Melee: Hand axe          |    32 |    21 ||    53
       Kick              |     6 |    11 ||    17
       Peck              |     2 |     7 ||     9
       Dagger            |       |    34 ||    34
       Falchion          |       |    10 ||    10
 Cast: Shock             |    34 |    70 ||   104
       Repel Missiles    |       |     1 ||     1
       Static Discharge  |       |     1 ||     1
Evoke: Wand              |     3 |       ||     3
  Use: Scroll            |     6 |     2 ||     8
       Potion            |     2 |     8 ||    10
 Stab: Sleeping          |     2 |       ||     2
  Eat: Chunk             |     3 |     4 ||     7
       Bread ration      |       |     1 ||     1
Armor: Robe              |     6 |    21 ||    27
Dodge: Dodged            |    30 |    50 ||    80
       Deflected         |       |     3 ||     3
       Rpst.: Falchion   |       |     2 ||     2
